cohdb
Replays
Latest Replays
All Replays
Popular Replays
Top Player Replays
Match Explorer
How It Works
Community
CoH3 Stats
Reddit
Sign in to upload your games and track your stats! →
Sign in with Steam
Match 39449981
Unlisted
Match 39449981
Overview
Messages
Build Orders
End
Selects Italian Combined Arms Battlegroup
Selects Bersaglieri Squad
Bersaglieri Squad
Kradschützen Motorcycle Team
Bersaglieri Squad
Bersaglieri Squad
Construct Light Support Kompanie
Fire Support Elements
Selects Bersaglieri Bolster
Assault Grenadier Squad
Flakvierling Half-track
2.5-tonne Medical Truck
Selects Semovente da 75/18 Assault Gun
Semovente da 75/18 Assault Gun
Selects Strafing Run
Panzerpioneer Squad
Construct Panzerarmee Kommand
Strafing Run
Selects Artillery Cover
ši£ėñ±4²5
PayPerPaper
0
0
Comments
sign in to comment!
No comments posted yet!